 Dungeon Crawl Stone Soup version 0.27-a0-660-g90476cec82 (webtiles) character file.

Game seed: 10161348466703892782

60 robertstho the Scratcher (level 3, -1/15 HPs)
             Began as a Felid Transmuter on Mar 16, 2021.
             Slain by a hound (3 damage)
             ... on level 2 of the Dungeon.
             The game lasted 00:02:21 (2050 turns).

robertstho the Scratcher (Felid Transmuter)         Turns: 2050, Time: 00:02:21

Health: -1/15      AC:  1    Str:  6    XL:     3   Next: 82%
Magic:  6/7        EV: 17    Int: 15    God:
Gold:   148        SH:  0    Dex: 16    Spells: 5/6 levels left
                                        Lives:  0   Deaths: 0

rFire    . . .     SeeInvis +     - Unarmed
rCold    . . .     Faith    .   (shield unavailable)
rNeg     . . .     Spirit   .   (armour unavailable)
rPois    .         Reflect  .   (helmet unavailable)
rElec    .         Harm     .   (cloak unavailable)
rCorr    .         Rampage  .   (gloves unavailable)
Will     .....                  (boots unavailable)
Stlth    +++.......             (no amulet)
HPRegen  0.05/turn              (no ring)
MPRegen  0.10/turn              (no ring)

@: appendages, quick
A: horns 2, very small, claws 1, fangs 3, see invisible, speed 1, shaggy fur 1,
stealthy paws, no weapons or thrown items, no armour, multi-lived
a: End Transformation


You were on level 2 of the Dungeon.
You had temporarily grown beastly horns.
You visited 1 branch of the dungeon, and saw 2 of its levels.

You collected 148 gold pieces.

Inventory:

Jewellery
 a - an amulet of guardian spirit
 n - a +6 ring of dexterity
Scrolls
 c - a scroll of amnesia {unknown}
 g - a scroll of identify {unknown}
 h - a scroll of fear {unknown}
 j - 2 scrolls of teleportation {unknown}
 m - a scroll of noise {unknown}
Potions
 b - a potion of might {unknown}
 d - a potion of ambrosia {unknown}
 e - 2 potions of flight {unknown}
 f - a potion of brilliance {unknown}
 i - a potion of lignification {unknown}
 k - a potion of magic {unknown}
 l - a potion of haste {unknown}


   Skills:
 + Level 1.0 Fighting
 + Level 3.0 Dodging
 * Level 3.0 Stealth
 + Level 3.6 Unarmed Combat
 + Level 2.4 Spellcasting
 + Level 2.3 Transmutations


You had 5 spell levels left.
You knew the following spells:

 Your Spells              Type           Power      Damage    Failure   Level
a - Beastly Appendage     Tmut           16%        N/A       9%          1

Your spell library contained the following spells:

 Spells                   Type           Power      Damage    Failure   Level
 Wereblood                Tmut           8%         N/A       12%         2
 Spider Form              Tmut/Pois      2%         N/A       36%         3
 Ice Form                 Ice/Tmut       5%         N/A       78%         4
 Blade Hands              Tmut           4%         N/A       92%         5


Dungeon Overview and Level Annotations

Branches:
Dungeon (2/15)

Altars:


Innate Abilities, Weirdness & Mutations

You have temporarily grown beastly horns.
You have sharp claws.
You have razor-sharp teeth.
You have supernaturally acute eyesight. (SInv)
You cover ground quickly. (Speed+)
You are covered in fur. (AC +1)
Your stealthy paws help you sneak and pounce on unaware monsters.
You are incapable of wielding weapons or throwing items.
You cannot wear armour.
You gain extra lives every three experience levels.


Message History

You barely miss the adder. The adder bites you.
You scratch the adder.
The adder is lightly wounded.
The adder misses you. The adder barely misses you.
Casting: Beastly Appendage (safe; 9% risk of failure)
Confirm with . or Enter, or press ? or * to list all spells.
You grow a pair of large bovine horns.
The adder misses you. The adder closely misses you.
Unknown command.
Casting: Beastly Appendage (safe; 9% risk of failure)
Confirm with . or Enter, or press ? or * to list all spells.
You don't know that spell.
You barely miss the adder.
You headbutt the adder, but do no damage.
You bite the adder.
The adder is moderately wounded.
The adder closely misses you.
You scratch the adder. You headbutt the adder.
You kill the adder!
Your transformation is almost over.
Your horns disappear.
Found an escape hatch in the floor.
A hound comes into view.
A hound is nearby!
A hound is nearby!
A hound is nearby!
A hound is nearby!
The hound barks!
The hound barely misses you.
You barely miss the hound. The hound bites you.
You closely miss the hound. You bite the hound.
The hound is lightly wounded.
The hound bites you. x2
* * * LOW HITPOINT WARNING * * *
You are too injured to fight recklessly!
Casting: Beastly Appendage (safe; 9% risk of failure)
Confirm with . or Enter, or press ? or * to list all spells.
You grow a pair of large bovine horns.
The hound misses you. The hound bites you.
You die...

#...#..... #...#.##.#
#...#.##.. #
#.....#### #. ###'####
#.### #...# # ...# #
###.# #####
#.###.####.# #.# #....
#.......@.># #.# #.##.
####...##h.# #.###.##.
#.#....#..###
#[..#.##.
#..........<#
###.#.###
#.###.############.#.#
# ...
#................# #
###
##############.#####
#...... #######


You could see a hound.

Vanquished Creatures
  An adder (D:2)
  A worm (D:2)
  3 dart slugs (D:1)
  3 leopard geckos (D:1)
  3 bats (D:1)
  A giant cockroach (D:1)
  11 goblins
  7 hobgoblins
  A quokka (D:2)
  A frilled lizard (D:2)
  2 kobolds
  3 rats (D:1)
37 creatures vanquished.

Vanquished Creatures (others)
  4 toadstools (D:1)
4 creatures vanquished.

Grand Total: 41 creatures vanquished

Notes
Turn   | Place    | Note
-------+----------+-------------------------------------------
     0 | D:1      | robertstho the Felid Transmuter began the quest for the
                  | Orb.
     0 | D:1      | Reached XP level 1. HP: 9/9 MP: 4/4
   104 | D:1      | Reached skill level 1 in Stealth
   226 | D:1      | Reached XP level 2. HP: 12/12 MP: 6/6
   783 | D:1      | Reached XP level 3. HP: 13/15 MP: 7/7
  2050 | D:2      | Slain by a hound

Illustrated notes

Levels and vault maps discovered:
D:1:      dpeg_arrival_short_road, layout_basic, minmay_gold_behind_fungi,
          minmay_misc_feat_alley
D:2:      layout_basic

Skill      XL: |  1  2  3 |
---------------+----------+-----
Stealth        | 1 2 3 |  3.0
Dodging        | 3 |  3.0
Fighting       | |  1.0
Unarmed Combat | |  3.6
Spellcasting   | |  2.4
Transmutations | |  2.3

Action                   || total
-------------------------++-------
Melee: Unarmed           ||    99
       Bite              ||     6
       Headbutt          ||     7
 Cast: Beastly Appendage ||     6
 Stab: Sleeping          ||     9
Armor: Skin              ||     5
Dodge: Dodged            ||    81

Table legend: (Time is in decaauts)
 A = Elapsed time spent in this place.
 B = Non-inter-level travel time spent in this place.
 C = Inter-level travel time spent in this place.
 D = Time resting spent in this place.
 E = Time spent auto-exploring this place.
 F = Levels seen in this place.
 G = Mean time per level.
                   A        B        C        D        E       F      G
               +--------+--------+--------+--------+--------+-----+--------+
         Total |   1797 |   1756 |     41 |      0 |   1508 |   2 |  898.5 |
       Dungeon |   1797 |   1756 |     41 |      0 |   1508 |   2 |  898.5 |
               +--------+--------+--------+--------+--------+-----+--------+

Top non-repeatable levels by time:
     D:1: 1360 daAuts
     D:2: 437 daAuts
